Map: King Sejong Station LE

Players

Pinkman

  • Race: Terran Terran

Miszu - Winner!

  • Race: Protoss Protoss
  • League: Master

VOD

Have the link to the VOD?

Description

Time

  • Played on: June 29, 2016, 11:35 a.m.
  • Length: 3:33
Show
View Real Time Build Order
Export as new Build Order

Pinkman Terran 

Build Orders: 1/1/1 

Get SALT Encoding   

  12  0:01  SCV  
  13  0:13  SCV  
  14  0:17  Supply Depot  
  14  0:25  SCV  
  15  0:29  Refinery  
  15  0:39  SCV  
  16  0:45  Barracks  
  16  0:51  SCV  
  16  0:56  Refinery  
  17  1:03  SCV  
  18  1:15  SCV  
  19  1:32  Orbital Command  
  19  1:33  Reaper  
  19  1:37  Factory  
  20  1:46  Supply Depot  
  20  1:58  SCV  
  21  2:05  Reaper  
  22  2:10  SCV  
  23  2:21  Hellion  
  23  2:22  Starport, SCV  
  26  2:38  Reaper  
  26  2:41  SCV  
  26  2:43  Factory Tech Lab  
  28  2:57  Command Center  
  28  3:02  Supply Depot  
  28  3:03  SCV  
Show
View Real Time Build Order
Export as new Build Order

Miszu Protoss - Winner!

Build Orders: Oracle Opening 

Get SALT Encoding   

  12  0:01  Probe (Chrono Boost)  
  13  0:11  Probe (Chrono Boost)  
  14  0:18  Pylon  
  14  0:22  Probe (Chrono Boost)  
  15  0:36  Probe (Chrono Boost)  
  15  0:37  Gateway  
  16  0:46  Assimilator, Probe (Chrono Boost)  
  17  0:57  Probe (Chrono Boost), Assimilator  
  18  1:08  Probe (Chrono Boost)  
  19  1:19  Probe (Chrono Boost)  
  19  1:24  Cybernetics Core  
  20  1:30  Pylon, Probe (Chrono Boost)  
  21  1:40  Probe (Chrono Boost)  
  22  1:51  Probe (Chrono Boost)  
  23  2:01  Stargate  
  23  2:04  Stalker (Chrono Boost)  
  25  2:22  Pylon  
  25  2:31  Stalker (Chrono Boost)  
  27  2:43  Oracle (Chrono Boost)  
  30  2:52  Gateway  
  30  2:54  Gateway  
  30  2:58  Pylon  
  30  3:04  Mothership Core, Zealot  
Tags
 
Add a new tag
Caveats
  • Supply blocks, unpowered buildings, or Contaminate may cause inaccurate times.
  • Supply counts are checked every 10 seconds.